 Seeded DCSS version 0.30.1-4-g462c640d31 (webtiles) character file.

Game seed: 6351066067085065685 (custom seed)

17 Esekla the Grave Robber (level 2, -6/15 HPs)
             Began as a Deep Elf Necromancer on Aug 22, 2023.
             Was an Initiate of Vehumet.
             Mangled by an iguana (10 damage)
             ... on level 2 of the Dungeon.
             The game lasted 00:05:24 (945 turns).

Esekla the Grave Robber (Deep Elf Necromancer)       Turns: 945, Time: 00:05:25

Health: -6/15      AC:  4    Str:  5    XL:     2   Next: 44%
Magic:  8/8        EV: 13    Int: 19    God:    Vehumet [......]
Gold:   83         SH:  0    Dex: 18    Spells: 6/7 levels left

rFire   . . .        o - +5 rapier of the Hero {heavy, rN+ Dex+3}
rCold   . . .        (no shield)
rNeg    + . .        a - +0 robe
rPois   .            h - +0 helmet
rElec   .            (no cloak)
rCorr   .            j - +0 pair of gloves
SInv    .            (no boots)
Will    .....        (no amulet)
Stlth   ++           (no ring)
HPRegen 0.22/turn    (no ring)
MPRegen 0.11/turn

%: no passive effects
@: no status effects
A: no striking features
a: Renounce Religion


You were on level 2 of the Dungeon.
You worshipped Vehumet.
Vehumet was noncommittal.
You visited 1 branch of the dungeon, and saw 4 of its levels.

You collected 83 gold pieces.

Inventory:

Hand Weapons
 o - the +5 rapier of the Hero (weapon) {heavy, rN+ Dex+3}
   (You found it on level 3 of the Dungeon)

   Dex:       It affects your dexterity (+3).
   rN:        It protects you from negative energy.
Armour
 a - a +0 robe (worn)
 h - a +0 helmet (worn)
 j - a +0 pair of gloves (worn)
Scrolls
 e - a scroll of fear {unknown}
 f - 2 scrolls of identify {unknown}
 l - a scroll of enchant armour {unknown}
 m - a scroll of amnesia {unknown}
 n - a scroll of immolation {unknown}
Potions
 b - a potion of magic
 d - a potion of ambrosia {unknown}
 g - a potion of mutation {unknown}
 i - a potion of curing {unknown}
 k - a potion of attraction {unknown}


   Skills:
 + Level 0.3 Short Blades
 * Level 2.7 Dodging
 + Level 2.6 Stealth
 * Level 3.3 Spellcasting
 + Level 5.2 Necromancy


You had 6 spell levels left.
You knew the following spells:

 Your Spells              Type           Power      Damage    Failure   Level
a - Necrotise             Necr           92%        1d8       1%          1

Your spell library contained the following spells:

 Spells                   Type           Power      Damage    Failure   Level
 Vampiric Draining        Necr           23%        2d7       5%          3
 Animate Dead             Necr           23%        N/A       17%         4
 Agony                    Necr           23%        N/A       43%         5


Dungeon Overview and Level Annotations

Branches:
Dungeon (4/15)
 Temple: D:4-7

Altars:
Okawaru
Vehumet
Zin


Message History

The ball python bites you but does no damage.
The ball python grabs you. The ball python constricts you.
You barely miss the ball python.
The ball python bites you but does no damage.
The ball python constricts you.
You hit the ball python.
The ball python is moderately wounded.
The ball python bites you but does no damage.
The ball python constricts you.
You hit the ball python.
You kill the ball python!
Vehumet accepts your kill.
n - a scroll labelled QUTAMUDAXU
Found a dazzling rapier.
Found a stone staircase leading up.
You see here the +5 rapier of the Hero {heavy, rN+ Dex+3}.
You feel agile.
o - the +5 rapier of the Hero (weapon)
{heavy, rN+ Dex+3} You drop a +0 short sword.
There is a stone staircase leading up here.
You climb upwards.
Found 6 gold pieces.
There is a stone staircase leading down here.
A sourceless malevolence fills the Dungeon... and a teleportation trap spontaneously manifests!
You are yanked towards a nearby monster!
Your surroundings suddenly seem different.
An iguana comes into view.
Found 6 poisoned darts.
You see here 6 poisoned darts.
You puncture the iguana!
The iguana is heavily wounded.
The iguana bites you!
Ouch! That really hurt!
* * * LOW HITPOINT WARNING * * *
The iguana closely misses you.
You barely miss the iguana.
The iguana is heavily wounded.
The iguana bites you!
Ouch! That really hurt!
You die...

#### ...#
#8.#####
+......
###8.#.#
#......#
...#####.....#
#......@l.####
#.........#
###########


You could see an iguana.

Vanquished Creatures
  4 ball pythons
  An endoplasm (D:3)
  2 goblins (D:3)
  2 hobgoblins (D:3)
  2 bats (D:3)
  2 frilled lizards
  3 kobolds
16 creatures vanquished.

Notes
Turn   | Place    | Note
-------+----------+-------------------------------------------
     0 | D:1      | Esekla the Deep Elf Necromancer began the quest for the
                  | Orb.
     0 | D:1      | Reached XP level 1. HP: 10/10 MP: 6/6
   120 | D:1      | Reached skill level 5 in Necromancy
   352 | D:4      | Found an iron altar of Okawaru.
   413 | D:4      | Found a glowing silver altar of Zin.
   431 | D:4      | Found a radiant altar of Vehumet.
   435 | D:4      | Became a worshipper of Vehumet
   524 | D:3      | Reached XP level 2. HP: 14/15 MP: 8/8
   913 | D:3      | Identified the +5 rapier of the Hero {heavy, rN+ Dex+3}
   945 | D:2      | Mangled by an iguana

Illustrated notes

Levels and vault maps discovered:
D:1:      sevenhm_arrival_forest_fort_small_3, layout_rooms,
          chequers_serial_rivers_room_b, minmay_misc_feat_five
D:2:      layout_loops_ring, dreamdust_ecumenical_altar_angels_and_demons,
          serial_shops, shop
D:3:      layout_basic, grunt_temple_overflow_open, minmay_misc_feat_iff
D:4:      layout_basic, nicolae_overflow_quartered_altars, serial_shops,
          nicolae_diamond_shop

Skill      XL: |  1 |
---------------+----+-----
Necromancy     | 5 |  5.2
Short Blades   | |  0.3
Dodging        | |  2.7
Stealth        | |  2.6
Spellcasting   | |  3.3

Action                     || total
---------------------------++-------
  Melee: Short sword       ||    56
         Unarmed           ||     9
         Rapier            ||     2
   Stab: Sleeping          ||     3
 Armour: Robe              ||    17
  Dodge: Dodged            ||    37
